 Dungeon Crawl Stone Soup version 0.20.0-15-g7f486f2 (webtiles) character file.

19760 theElss the Basher (level 12, -3/118 HPs)
             Began as a Gargoyle Berserker on June 21, 2017.
             Was a High Priest of Trog.
             Slain by a phantasmal warrior (17 damage)
             ... led by a death knight
             ... on level 11 of the Dungeon.
             The game lasted 00:41:55 (13074 turns).

theElss the Basher (Gargoyle Berserker)            Turns: 13074, Time: 00:41:55

Health: -3/118     AC: 28    Str: 30    XL:     12   Next: 72%
Magic:  12/12      EV: 14    Int:  9    God:    Trog [*****.]
Gold:   641        SH:  0    Dex: 14    Spells: 11/11 levels left

rFire    . . .     SeeInvis .   x - +0 dire flail (protect)
rCold    . . .     Gourm    .   (shield currently unavailable)
rNeg     + . .     Faith    .   k - +0 scale mail
rPois    ∞         Spirit   .   J - +0 helmet
rElec    +         Reflect  .   F - +0 cloak
rCorr    .         Harm     .   q - +0 pair of gloves (curse)
MR       .....                  (no boots)
Stlth    ..........             U - amulet of inaccuracy (curse)
Regen    0.3/turn               R - +5 ring of dexterity
MPRegen  0.2/turn               (no ring)

@: berserking, vulnerable, protection aura, very quick
A: negative energy resistance 1, electricity resistance, unbreathing,
petrification resistance, rot immunity, AC +8
a: Berserk, Trog's Hand, Brothers in Arms, Burn Spellbooks, Renounce Religion


You were on level 11 of the Dungeon.
You worshipped Trog.
Trog was extremely pleased with you.
You were very hungry.

You visited 1 branch of the dungeon, and saw 11 of its levels.

You collected 641 gold pieces.

Inventory:

Hand Weapons
 a - a +0 mace
 e - a +0 morningstar of holy wrath
 x - a +0 dire flail of protection (weapon)
Armour
 k - a +0 scale mail (worn)
 q - a cursed +0 pair of gloves (worn)
 F - a +0 cloak (worn)
 I - a +2 pair of gloves
 J - a +0 helmet (worn)
Jewellery
 d - an uncursed amulet of regeneration
 Q - an uncursed ring of fire
 R - a +5 ring of dexterity (left hand)
 S - an uncursed ring of fire
 U - a cursed amulet of inaccuracy (around neck)
 W - an uncursed ring of fire
Wands
 m - a wand of random effects (17/48)
 p - a wand of iceblast (9/15)
 r - a wand of polymorph (10/24)
 s - a wand of polymorph (0/24)
 y - a wand of lightning (7/15)
 D - a wand of acid (6/15)
 K - a wand of flame (28/48)
 O - a wand of polymorph (15/24)
Scrolls
 b - a scroll of identify
 g - a scroll of fog
 n - 5 scrolls of magic mapping
 o - a scroll of remove curse
 B - 3 scrolls of teleportation
 G - a scroll of enchant armour {unknown}
 L - a scroll of holy word {unknown}
 M - a scroll of random uselessness {unknown}
 P - a scroll of immolation {unknown}
 T - a scroll of summoning {unknown}
Potions
 h - a potion of invisibility {unknown}
 j - 3 potions of flight
 l - a potion of might {unknown}
 t - 2 potions of berserk rage {unknown}
 u - 2 potions of curing {unknown}
 v - 2 potions of brilliance
 w - 2 potions of lignification {unknown}
 C - 2 potions of heal wounds
 Y - 2 potions of agility {unknown}
Books
 E - a book of Changes

   Spells                             Type                      Level
   a - Beastly Appendage              Transmutation                1
   b - Sticks to Snakes               Transmutation                2
   c - Spider Form                    Transmutation/Poison         3
   d - Ice Form                       Ice/Transmutation            4
   e - Blade Hands                    Transmutation                5
   Trog disapproves of the use of such an item.
 V - a book of Callings

   Spells                             Type                      Level
   a - Summon Small Mammal            Summoning                    1
   b - Call Imp                       Summoning                    2
   c - Call Canine Familiar           Summoning                    3
   d - Summon Guardian Golem          Hexes/Summoning              3
   e - Summon Lightning Spire         Summoning/Air                4
   f - Summon Ice Beast               Ice/Summoning                4
   Trog disapproves of the use of such an item.
 X - the Volume of Damaging Venom
   (You found it on level 8 of the Dungeon)

   Spells                             Type                      Level
   a - Flame Tongue                   Conjuration/Fire             1
   b - Sting                          Conjuration/Poison           1
   c - Stone Arrow                    Conjuration/Earth            3
   d - Bolt of Fire                   Conjuration/Fire             6
   e - Spellforged Servitor           Conjuration/Summoning        7
   Trog disapproves of the use of such an item.
Comestibles
 c - 10 bread rations
 i - 10 meat rations
 z - 2 royal jellies
 A - a fruit


   Skills:
 + Level 10.6 Fighting
 + Level 14.1 Maces & Flails
 + Level 10.0 Armour
 + Level 6.5 Dodging
 + Level 2.4 Stealth


You had 11 spell levels left.
You didn't know any spells.

Dungeon Overview and Level Annotations

Branches:
Dungeon (11/15)            Temple (0/1) D:4            Lair (0/6) D:11
    Orc (0/2) D:10

Altars:
Elyvilon
Hepliaklqana
Makhleb
Okawaru
Qazlal
Ru
Trog
Uskayaw
Xom
Yredelemnul
The Shining One

Shops:
D:5 [


Innate Abilities, Weirdness & Mutations

You are resistant to torment.
Your stone body is resilient. (AC +8)
You are immune to poison.
You resist negative energy. (rN+)
You are resistant to electric shocks. (rElec)
You can survive without breathing.
You are immune to petrification.
You are immune to rotting.


Message History

Unknown command.
You completely miss the phantasmal warrior.
You closely miss the phantasmal warrior.
The phantasmal warrior closely misses you.
You impale the phantasmal warrior!!
Your weapon exudes an aura of protection.
The phantasmal warrior is heavily damaged.
You hit the phantasmal warrior.
The phantasmal warrior is heavily damaged.
You hit the phantasmal warrior but do no damage.
The phantasmal warrior is heavily damaged.
The phantasmal warrior hits you!
* * * LOW HITPOINT WARNING * * *
Your magical defenses are stripped away!
You miss the phantasmal warrior.
The phantasmal warrior is heavily damaged.
You miss the phantasmal warrior.
The phantasmal warrior is heavily damaged.
The phantasmal warrior hits you!
You die...

.#....# .#....#
#.......# .#....#
#.......# .#....#
.......# .#....#
#......# .#....#
#..##..# .#....#
#..##..# .#....#
#.W....# (#....# ..
#.@....# .+...)#
....#..##..#
.#....####....#..##..#
.#............#..##..#
.#............#..#...#
.#............#..#...#
.#............#..#...#
.#....<...#####..#...#
.#........#.(#...#...#


You could see a phantasmal warrior.

Vanquished Creatures
  Snorg (D:11)
  Josephine (D:11)
  The ghost of NoNouf the Protected, a journeyman GrFi of the Shining One (D:10)
  The ghost of Overlord the Basher, a novice DsBe of Trog (D:8)
  3 two-headed ogres (D:8)
  Nergalle (D:10)
  An unseen horror (D:10)
  An ugly thing (D:11)
  Maurice (D:11)
  A spiny frog (shapeshifter) (D:9)
  2 centaur skeletons (D:11)
  A kobold demonologist (D:11)
  A freezing wraith (D:11)
  2 trolls (D:9)
  A merfolk (D:9)
  2 hornets
  5 hippogriffs
  3 wraiths
  Sigmund (D:4)
  Grum (D:10)
  9 yaks
  Menkaure (D:4)
  Edmund (D:4)
  2 hell hounds (D:11)
  4 sky beasts
  7 orc warriors
  3 phantoms
  The ghost of Wanze the Chucker, an amateur NaHu (D:3)
  2 ice beasts
  A necrophage (D:8)
  An eye of draining (D:10)
  9 ogres
  3 centaurs
  3 wolves (D:10)
  4 bullfrogs
  4 big kobolds
  A wyvern zombie (D:11)
  3 scorpions
  11 killer bees
  3 howler monkeys
  6 wights (D:9)
  2 electric eels (D:10)
  3 jellies
  A bullfrog zombie (D:11)
  2 centaur zombies
  A quasit (D:9)
  9 orc priests
  3 hounds
  4 orc wizards
  3 bullfrog skeletons
  7 worker ants
  Ijyb (D:3)
  Terence (D:3)
  2 iguanas
  Natasha (twice) (D:2)
  Robin (D:4)
  4 gnolls (D:9)
  21 adders
  2 shadow imps
  3 oozes
  An adder skeleton (D:5)
  A worm (D:2)
  3 dart slugs
  3 leopard geckos
  63 orcs
  2 ball pythons
  4 giant cockroaches
  19 goblins
  10 hobgoblins
  14 jackals
  20 kobolds
  5 quokkas
  6 bats
  4 frilled lizards
  2 jackal skeletons
  A leopard gecko zombie (D:6)
  A quokka skeleton (D:4)
  A quokka zombie (D:6)
  7 rats
349 creatures vanquished.

Vanquished Creatures (collateral kills)
  Fannar (D:10)
  Sonja (D:11)
  A troll (D:11)
  2 wraiths (D:11)
5 creatures vanquished.

Vanquished Creatures (others)
  An orc wizard (D:3)
1 creature vanquished.

Grand Total: 355 creatures vanquished

Notes
Turn   | Place    | Note
-------+----------+-------------------------------------------
     0 | D:1      | theElss the Gargoyle Berserker began the quest for the Orb.
     0 | D:1      | Reached XP level 1. HP: 14/14 MP: 1/1
   210 | D:1      | Reached XP level 2. HP: 13/19 MP: 2/2
   674 | D:1      | Reached XP level 3. HP: 19/23 MP: 3/3
   714 | D:1      | Reached ** piety under Trog
  1196 | D:2      | Reached skill level 4 in Maces & Flails
  1196 | D:2      | Reached XP level 4. HP: 18/29 MP: 4/4
  1470 | D:2      | Reached XP level 5. HP: 24/34 MP: 5/5
  1966 | D:2      | Noticed Natasha
  1973 | D:2      | Killed Natasha
  2315 | D:2      | Noticed Natasha
  2321 | D:2      | Killed Natasha
  2463 | D:3      | Noticed Terence
  2463 | D:3      | Noticed Ijyb
  2468 | D:3      | Reached XP level 6. HP: 39/39 MP: 6/6
  2473 | D:3      | Killed Terence
  2473 | D:3      | Reached skill level 5 in Maces & Flails
  2484 | D:3      | Killed Ijyb
  2534 | D:3      | Reached *** piety under Trog
  2893 | D:3      | Noticed Wanze's ghost (amateur NaHu)
  2916 | D:3      | Killed Wanze's ghost
  2916 | D:3      | Reached skill level 5 in Fighting
  2916 | D:3      | Reached XP level 7. HP: 44/44 MP: 7/7
  3093 | D:3      | Reached skill level 6 in Maces & Flails
  3257 | D:4      | Noticed Sigmund
  3378 | D:4      | Killed Sigmund
  3423 | D:4      | Noticed Edmund
  3431 | D:4      | Killed Edmund
  3431 | D:4      | Reached XP level 8. HP: 50/50 MP: 8/8
  3464 | D:4      | Found a staircase to the Ecumenical Temple.
  3602 | D:4      | Found a stormy altar of Qazlal.
  3605 | D:4      | Found a white marble altar of Elyvilon.
  3674 | D:4      | Noticed Robin
  3690 | D:4      | Killed Robin
  3726 | D:4      | Reached **** piety under Trog
  3807 | D:4      | Reached skill level 7 in Maces & Flails
  3854 | D:4      | Noticed Menkaure
  3865 | D:4      | Killed Menkaure
  3939 | D:4      | Received a gift from Trog
  3975 | D:4      | Found a sacrificial altar of Ru.
  3988 | D:4      | Reached skill level 5 in Armour
  4111 | D:5      | Entered Level 5 of the Dungeon
  4111 | D:5      | Found a hazy altar of Hepliaklqana.
  4121 | D:5      | Reached skill level 8 in Maces & Flails
  4257 | D:5      | Found Meefed's Antique Armour Shoppe.
  4327 | D:5      | Reached XP level 9. HP: 34/55 MP: 9/9
  4777 | D:6      | Reached skill level 9 in Maces & Flails
  4978 | D:5      | Found a bloodstained altar of Trog.
  4978 | D:5      | Found a glowing golden altar of the Shining One.
  5069 | D:6      | Found a hide-covered altar of Uskayaw.
  5281 | D:6      | Reached skill level 1 in Stealth
  5770 | D:7      | Noticed a hornet
  5789 | D:7      | Killed a hornet
  5885 | D:7      | Reached ***** piety under Trog
  6056 | D:7      | Found a shimmering altar of Xom.
  6073 | D:7      | Reached skill level 10 in Maces & Flails
  6272 | D:7      | Found a sacrificial altar of Ru.
  6321 | D:7      | Found a hazy altar of Hepliaklqana.
  6321 | D:7      | Found a shimmering altar of Xom.
  6341 | D:7      | Found a burning altar of Makhleb.
  6341 | D:7      | Found a basalt altar of Yredelemnul.
  6341 | D:7      | Found a hide-covered altar of Uskayaw.
  6521 | D:8      | Noticed Overlord's ghost (novice DsBe)
  6547 | D:8      | Killed Overlord's ghost
  6547 | D:8      | Reached XP level 10. HP: 19/63 MP: 10/10
  6625 | D:8      | Reached skill level 11 in Maces & Flails
  6634 | D:8      | Noticed a two-headed ogre
  6638 | D:8      | Killed a two-headed ogre
  6779 | D:8      | Noticed a two-headed ogre
  6790 | D:8      | Killed a two-headed ogre
  7216 | D:8      | Noticed a two-headed ogre
  7221 | D:8      | Killed a two-headed ogre
  7221 | D:8      | Reached skill level 5 in Dodging
  7315 | D:8      | Identified the Volume of Damaging Venom
  7503 | D:9      | Reached skill level 12 in Maces & Flails
  7524 | D:9      | Reached XP level 11. HP: 67/68 MP: 11/11
  7867 | D:9      | Received a gift from Trog
  8300 | D:9      | Found an iron altar of Okawaru.
  8640 | D:10     | Entered Level 10 of the Dungeon
  8653 | D:10     | Noticed Nergalle
  8672 | D:10     | Killed Nergalle
  9501 | D:10     | Reached skill level 13 in Maces & Flails
  9503 | D:10     | Noticed Grum
  9545 | D:10     | Killed Grum
 10189 | D:10     | Noticed NoNouf's ghost (journeyman GrFi)
 10205 | D:10     | Killed NoNouf's ghost
 10379 | D:10     | Killed an unseen horror
 10694 | D:10     | Noticed Fannar
 10720 | D:10     | Killed Fannar
 10720 | D:10     | Reached XP level 12. HP: 38/76 MP: 12/12
 11108 | D:10     | Found a staircase to the Orcish Mines.
 11338 | D:11     | Noticed Snorg
 11358 | D:11     | Killed Snorg
 11753 | D:11     | Noticed Josephine
 11761 | D:11     | Noticed Sonja
 11776 | D:11     | Killed Josephine
 11787 | D:11     | Killed Sonja
 11787 | D:11     | Reached skill level 10 in Fighting
 11790 | D:11     | HP: 3/77 [wraith[Josephine] (5)]
 12183 | D:11     | Found a staircase to the Lair.
 12492 | D:11     | Noticed Maurice
 12535 | D:11     | Killed Maurice
 12572 | D:11     | Reached skill level 14 in Maces & Flails
 12905 | D:11     | Reached skill level 10 in Armour
 13074 | D:11     | Slain by a phantasmal warrior

Skill      XL: |  1  2  3  4  5  6  7  8  9 10 11 12 |
---------------+-------------------------------------+-----
Fighting       | 4 5 6 7 9 10 | 10.6
Maces & Flails | 4 5 6 8 10 12 13 14 | 14.1
Dodging        | 2 3 4 5 6 |  6.5
Armour         | 3 4 5 6 7 9 10 | 10.0
Stealth        | 1 2 |  2.4

Action                   |  1- 3 |  4- 6 |  7- 9 | 10-12 || total
-------------------------+-------+-------+-------+-------++-------
Melee: Mace              |    83 |   209 |    64 |       ||   356
       Dire flail        |       |       |   489 |   573 ||  1062
       Morningstar       |       |       |       |   392 ||   392
Invok: Berserk           |     1 |     1 |     5 |    14 ||    21
       Brothers in Arms  |       |       |       |     4 ||     4
       Trog's Hand       |       |       |       |     1 ||     1
  Use: Scroll            |       |       |       |    12 ||    12
  Eat: Chunk             |     1 |     7 |    16 |    35 ||    59
       Fruit             |       |       |       |     2 ||     2
Armor: Animal skin       |    29 |     9 |       |       ||    38
       Scale mail        |       |   112 |   280 |   418 ||   810
Dodge: Dodged            |    45 |   116 |   308 |   481 ||   950
